 Dungeon Crawl Stone Soup version 0.31-a0-175-g9f7f995f2b (webtiles) character file.

Game seed: 3575108908868985322

1086 qw the Skirmisher (level 8, 0/49 HPs)
             Began as a Gargoyle Hunter on June 16, 2023.
             Slain by an orc
             ... wielding a +0 hand axe
              (4 damage)
             ... on level 6 of the Dungeon.
             The game lasted 00:02:23 (4330 turns).

qw the Skirmisher (Gargoyle Hunter)                 Turns: 4330, Time: 00:02:24

Health: 0/49       AC: 10    Str: 14    XL:     8   Next: 30%
Magic:  8/8        EV: 17    Int: 11    God:
Gold:   295        SH:  0    Dex: 15    Spells: 7/7 levels left

rFire   . . .        u - +0 orcbow
rCold   . . .        (shield currently unavailable)
rNeg    + . .        c - +0 leather armour
rPois   inf          (no helmet)
rElec   +            i - scarf {repulsion}
rCorr   .            k - +1 pair of gloves
SInv    .            (no boots)
Will    .....        (no amulet)
Stlth   ++           h - +5 ring of evasion
HPRegen 0.28/turn    (no ring)
MPRegen 0.11/turn

%: repel missiles
@: no status effects
A: sickness immunity, AC +5, negative energy resistance 1, electricity
resistance, torment resistance 1, petrification resistance
a: no special abilities


You were on level 6 of the Dungeon.
You visited 1 branch of the dungeon, and saw 6 of its levels.

You collected 295 gold pieces.


Innate Abilities, Weirdness & Mutations

You are immune to sickness and miasma.
Your stone body is resilient. (AC +5)
You are immune to poison.
You resist negative energy. (rN+)
You are resistant to electric shocks. (rElec)
You are resistant to unholy torment.
You are immune to petrification.


   Skills:
 + Level 5.3 Fighting
 - Level 9.0 Ranged Weapons
 - Level 1.1 Armour
 - Level 2.2 Dodging
 - Level 1.1 Stealth


You had 7 spell levels left.
You didn't know any spells.
Your spell library was empty.

Inventory:

Hand Weapons
 u - a +0 orcbow (weapon)
Armour
 c - a +0 leather armour (worn)
 i - a scarf of repulsion (worn)
 k - a +1 pair of gloves (worn)
 t - a +0 ring mail
Jewellery
 h - a +5 ring of evasion (left hand)
Scrolls
 o - 2 scrolls of identify
 r - a scroll of enchant armour {unknown}
 s - a scroll of fear {unknown}
Potions
 a - a potion of might {unknown}
 b - a potion of resistance
 d - 2 potions of attraction
 e - a potion of haste
 f - 3 potions of lignification {unknown}
 g - a potion of curing {unknown}
 j - a potion of invisibility {unknown}
 l - a potion of enlightenment {unknown}
 m - a potion of ambrosia {unknown}
 p - a potion of cancellation
 q - a potion of brilliance {unknown}

Dungeon Overview and Level Annotations

Branches:
Dungeon (6/15)             Temple (0/1) D:6

Altars:
Fedhas
Gozag
Qazlal
Ru
Sif Muna
Uskayaw
The Shining One

Annotations:
D:6 Eustachio


Message History

You kill the black bear!
The quasit bites you but does no damage.
The quasit closely misses you. The quasit barely misses you.
Your Ranged Weapons skill increases to level 9!
You shoot an arrow. The arrow barely misses the quasit.
The arrow closely misses the shadow imp.
Your surroundings suddenly seem different.
An orc priest, an orc wizard and 3 orcs come into view.
An orc is wielding a +1 heavy hand axe.
Found 9 gold pieces.
Found a staircase to the Ecumenical Temple.
The orc shouts!
The orc priest shouts!
The orc wizard shouts!
The orc shouts! x2
4323 ||| PLANNING TEMPLE You shoot an arrow.
The arrow misses the orc wizard.
The arrow hits the orc!
You kill the orc!
The orc throws a boomerang.
The boomerang completely misses you.
You shoot an arrow. The arrow hits the orc wizard.
The orc wizard is moderately wounded.
You shoot an arrow.
The arrow completely misses the orc wizard.
The arrow closely misses the orc priest.
The orc wizard hits you but does no damage.
You shoot an arrow. The arrow hits the orc wizard!
You kill the orc wizard!
The orc misses you.
You shoot an arrow.
The arrow closely misses the orc priest.
The orc priest hits you but does no damage.
The orc closely misses you.
The orc priest hits you but does no damage.
You shoot an arrow. The arrow hits the orc priest!
The orc priest is heavily wounded.
The orc misses you.
You shoot an arrow. The arrow hits the orc priest.
The orc priest is almost dead.
The orc priest completely misses you. The orc misses you. x2
You shoot an arrow.
The arrow closely misses the orc priest.
The orc priest closely misses you. The orc hits you with a +0 hand axe.
You die...

##.....#
.....)+
###.....###
..........# #
. ......#.#.#
..
...#........#
...
.......o....#
....
#..o@o...# ..
#...........
.
#...........
...#
......###...$


#rr #.8.8.8.# ... ### #..}.}... .. #.8.>.8.. . #..}.}... You could see an orc
priest and 2 orcs.

Vanquished Creatures
  A water moccasin (D:5)
  A black bear (D:6)
  A centaur (D:5)
  A phantom (D:5)
  A kobold brigand (D:5)
  A scorpion (D:5)
  5 hounds
  2 iguanas
  A sleepcap (D:5)
  5 orc wizards
  8 gnolls
  7 adders
  A worm (D:3)
  A dart slug (D:2)
  13 orcs
  7 endoplasms
  8 hobgoblins
  3 jackals (D:2)
  14 kobolds
  7 quokkas
  3 ball pythons
  4 bats
  2 frilled lizards
  13 goblins
  10 rats
120 creatures vanquished.

Notes
Turn   | Place    | Note
-------+----------+-------------------------------------------
     0 | D:1      | qw the Gargoyle Hunter began the quest for the Orb.
     0 | D:1      | Reached XP level 1. HP: 12/12 MP: 1/1
     0 | D:1      | 0 ||| qw: Version: 0.2-a-29-g511e9b1
     0 | D:1      | 0 ||| qw: Game counter: 5859
     0 | D:1      | 0 ||| qw: Always use a shield: true
     0 | D:1      | 0 ||| qw: God list: Okawaru
     0 | D:1      | 0 ||| qw: Allow faded altars: false
     0 | D:1      | 0 ||| qw: Do Orc after D:15 true
     0 | D:1      | 0 ||| qw: Do second Lair branch before Depths: true
     0 | D:1      | 0 ||| qw: Lair rune preference: random
     0 | D:1      | 0 ||| qw: Plans: Normal, Zot:1-4, Slime:5, God:TSO, Crypt,
                  | Tomb, Abyss, Pan, Hells, Win
     0 | D:1      | 0 ||| PLANNING D:1-11
   139 | D:1      | Reached XP level 2. HP: 17/17 MP: 2/2
   647 | D:1      | 647 ||| UPGRADING to scarf of repulsion.
   652 | D:1      | 652 ||| UPGRADING to +5 ring of evasion.
   653 | D:1      | 653 ||| READING scroll labelled YSELOE MUOMUPN.
   654 | D:1      | 654 ||| DRINKING 2 emerald potions.
   655 | D:1      | 655 ||| DROPPING scroll of butterflies.
   737 | D:2      | Reached XP level 3. HP: 21/21 MP: 3/3
   849 | D:2      | Reached skill level 5 in Ranged Weapons
   863 | D:2      | HP: 5/21 [dart slug (3)]
   942 | D:2      | Reached skill level 3 in Fighting
   942 | D:2      | Reached XP level 4. HP: 28/28 MP: 4/4
  1735 | D:2      | Reached XP level 5. HP: 32/32 MP: 5/5
  1745 | D:2      | 1745 ||| UPGRADING to +1 pair of gloves.
  1750 | D:2      | 1750 ||| READING scroll labelled TOGHUSK VUBIE.
  1751 | D:2      | 1751 ||| READING scroll labelled NENAXK RIDGHUEB.
  1754 | D:2      | 1754 ||| DRINKING 2 fuming golden potions.
  2032 | D:3      | Reached skill level 6 in Ranged Weapons
  2175 | D:3      | Found an opulent altar of Gozag.
  2178 | D:3      | 2178 ||| READING scroll labelled GESIGO WOEREC.
  2179 | D:3      | 2179 ||| READING scroll labelled DOAHAPH JECA.
  2454 | D:3      | 2454 ||| READING scroll labelled TUOTE XIFUCEODAU.
  2455 | D:3      | 2455 ||| READING scroll labelled GANTORH RUNT.
  2476 | D:4      | Reached skill level 1 in Armour
  2646 | D:4      | 2646 ||| Stepping ~*~*~tactically~*~*~ (outnumbered).
  2769 | D:4      | Found a blossoming altar of Fedhas.
  2848 | D:4      | 2848 ||| FLEEEEING.
  2858 | D:4      | 2858 ||| DRINKING 3 bubbling sapphire potions.
  2859 | D:4      | 2859 ||| DRINKING 2 fizzy cyan potions.
  2873 | D:4      | 2873 ||| STAIRDANCE
  2877 | D:4      | 2877 ||| STAIRDANCE
  2881 | D:4      | 2881 ||| STAIRDANCE
  2885 | D:4      | 2885 ||| STAIRDANCE
  2889 | D:4      | 2889 ||| STAIRDANCE
  2893 | D:4      | 2893 ||| STAIRDANCE
  2897 | D:4      | 2897 ||| STAIRDANCE
  2901 | D:4      | 2901 ||| STAIRDANCE
  2905 | D:4      | 2905 ||| STAIRDANCE
  2909 | D:4      | 2909 ||| STAIRDANCE
  2913 | D:4      | 2913 ||| STAIRDANCE
  2917 | D:4      | 2917 ||| STAIRDANCE
  2921 | D:4      | 2921 ||| STAIRDANCE
  2925 | D:4      | 2925 ||| STAIRDANCE
  2929 | D:4      | 2929 ||| STAIRDANCE
  2933 | D:4      | 2933 ||| STAIRDANCE
  2937 | D:4      | 2937 ||| STAIRDANCE
  2941 | D:4      | 2941 ||| STAIRDANCE
  2945 | D:4      | 2945 ||| STAIRDANCE
  2949 | D:4      | 2949 ||| STAIRDANCE
  2976 | D:4      | 2976 ||| FLEEEEING.
  2996 | D:4      | 2996 ||| FLEEEEING.
  2997 | D:4      | 2997 ||| FLEEEEING.
  2998 | D:4      | 2998 ||| FLEEEEING.
  2999 | D:4      | 2999 ||| FLEEEEING.
  3000 | D:4      | 3000 ||| FLEEEEING.
  3003 | D:4      | 3003 ||| FLEEEEING.
  3004 | D:4      | 3004 ||| FLEEEEING.
  3005 | D:4      | 3005 ||| FLEEEEING.
  3009 | D:4      | 3009 ||| FLEEEEING.
  3010 | D:4      | 3010 ||| FLEEEEING.
  3011 | D:4      | 3011 ||| FLEEEEING.
  3012 | D:4      | 3012 ||| FLEEEEING.
  3013 | D:4      | 3013 ||| FLEEEEING.
  3014 | D:4      | 3014 ||| FLEEEEING.
  3018 | D:4      | 3018 ||| FLEEEEING.
  3051 | D:4      | 3051 ||| FLEEEEING.
  3182 | D:3      | 3182 ||| STAIRDANCE
  3249 | D:4      | 3249 ||| READING 2 scrolls labelled ISAKKEU NUAHE.
  3250 | D:4      | 3250 ||| DROPPING scroll of blinking.
  3259 | D:3      | Found a shimmering blue altar of Sif Muna.
  3259 | D:3      | Found a stormy altar of Qazlal.
  3262 | D:3      | Found a hide-covered altar of Uskayaw.
  3326 | D:4      | Reached XP level 6. HP: 38/38 MP: 6/6
  3557 | D:5      | Entered Level 5 of the Dungeon
  3704 | D:5      | Reached skill level 7 in Ranged Weapons
  3766 | D:5      | Found a sacrificial altar of Ru.
  3775 | D:5      | Reached XP level 7. HP: 43/43 MP: 7/7
  3899 | D:5      | Found a glowing golden altar of the Shining One.
  4036 | D:5      | Reached skill level 8 in Ranged Weapons
  4113 | D:5      | Reached XP level 8. HP: 49/49 MP: 8/8
  4124 | D:5      | 4124 ||| UPGRADING to +0 orcbow.
  4125 | D:5      | 4125 ||| DROPPING +1 heavy shortbow.
  4222 | D:5      | You fall into a shaft and drop 1 floor!
  4263 | D:6      | Noticed Eustachio
  4317 | D:6      | HP: 7/49 [black bear (10)]
  4318 | D:6      | 4318 ||| READING scroll of teleportation.
  4318 | D:6      | HP: 3/49 [black bear (1)]
  4319 | D:6      | HP: 1/49 [black bear (2)]
  4322 | D:6      | Reached skill level 9 in Ranged Weapons
  4322 | D:6      | Found a staircase to the Ecumenical Temple.
  4323 | D:6      | 4323 ||| PLANNING TEMPLE
  4330 | D:6      | Slain by an orc

Levels and vault maps discovered:
D:1:      tarquinn_simple_flora_water_e, layout_loops_cross, fountainhead
D:2:      layout_basic, lexackson_kobold_supper
D:3:      layout_loops_cross, mainiacjoe_overflow_chevrons,
          nicolae_overflow_hidden_temple, minmay_randomly_rotated_circles
D:4:      layout_gridville, kennysheep_mini_moat, nicolae_eternal_life
D:5:      layout_basic, mainiacjoe_overflow_catwalk, nicolae_ru_awakened_eye,
          minmay_divided_ellipse
D:6:      layout_basic, slow_altar_1, minmay_temple_entry_statues_fountains,
          uniq_duvessa, uniq_eustachio

Skill      XL: |  1  2  3  4  5  6  7  8 |
---------------+-------------------------+-----
Ranged Weapons | 5 6 7 8 9 |  9.0
Fighting       | 3 4 5 |  5.3
Armour         | 1 |  1.1
Dodging        | 2 |  2.2
Stealth        | |  1.1

Action                     |  1- 3 |  4- 6 |  7- 9 || total
---------------------------+-------+-------+-------++-------
   Fire: Shortbow          |   102 |   209 |    62 ||   373
         Orcbow            |       |       |    84 ||    84
    Use: Scroll            |     1 |     7 |     1 ||     9
         Potion            |     1 |     3 |       ||     4
 Armour: Leather armour    |    17 |    47 |    57 ||   121
  Dodge: Dodged            |    33 |   116 |   131 ||   280

Table legend:
 A = Non-vault XP
 B = Vault XP
 C = Vault XP percentage of total XP
 D = Non-vault monster count
 E = Vault monster count
 F = Vault count percentage of total count
                 A         B        C        D         E       F
            +---------+---------+-------+---------+---------+-------
      Total |    1264 |     288 |  18.6 |      98 |      22 |  18.3
            +---------+---------+-------+---------+---------+-------
        D:1 |      31 |       0 |   0.0 |      20 |       0 |   0.0
        D:2 |     126 |       9 |   6.7 |      22 |       8 |  26.7
        D:3 |      27 |       9 |  25.0 |      13 |       6 |  31.6
        D:4 |     160 |       0 |   0.0 |      15 |       0 |   0.0
        D:5 |     699 |     270 |  27.9 |      21 |       8 |  27.6
        D:6 |     221 |       0 |   0.0 |       7 |       0 |   0.0
            +---------+---------+-------+---------+---------+-------
